 Dungeon Crawl Stone Soup version 0.31.0-9-g3a7656b989 (webtiles) character file.

Game seed: 2467101110503300327

3135 Couri the Grappler (level 9, -11/83 HPs)
             Began as a Troll Fighter on Feb 5, 2024.
             Was an Initiate of Ru.
             Mangled by a large slime creature (40 damage)
             ... on level 8 of the Dungeon.
             The game lasted 00:22:54 (6119 turns).

Couri the Grappler (Troll Fighter)                  Turns: 6119, Time: 00:22:54

Health: -11/83     AC:  6    Str: 30    XL:     9   Next: 61%
Magic:  8/8        EV: 24    Int:  2    God:    Ru [......]
Gold:   440        SH:  7    Dex:  9    Spells: 8/8 levels left

rFire   . .          .
                       - Unarmed
rCold   . . .        b - +0 kite shield
rNeg    . . .        a - +0 robe
rPois   .            (helmet restricted)
rElec   .            E - +1 cloak {Will+}
rCorr   .            (gloves unavailable)
SInv    .            (boots unavailable)
Will    +....        k - amulet of the acrobat
Stlth   +            G - ring of fire
HPRegen 1.13/turn    A - ring of ice
MPRegen 0.11/turn

%: acrobat
@: acrobatic
A: large, unfitting armour, claws 3, regeneration 1, shaggy fur 1, tough skin 1,
dopey 1, frail 1
a: Renounce Religion


You were on level 8 of the Dungeon.
You worshipped Ru.
Ru was noncommittal.
You visited 2 branches of the dungeon, and saw 9 of its levels.

You collected 462 gold pieces.
You spent 22 gold pieces at shops.

Inventory:

Hand Weapons
 o - a +0 short sword of draining
 x - a +2 dagger of venom
 B - a +0 whip of electrocution
 D - a +2 quarterstaff of chaos
 F - a +0 hammer
 J - a +3 halberd of freezing
 L - a +4 short sword
 O - a +3 scimitar
Missiles
 y - 4 javelins (quivered)
Armour
 a - a +0 robe (worn)
 b - a +0 kite shield (worn)
 f - the +1 ring mail "Gessomp" {rF+}
   (You found it on level 5 of the Dungeon)

   rF+:       It protects you from fire.
 E - a +1 cloak of willpower (worn)
 H - an orb of mayhem
Jewellery
 k - an amulet of the acrobat (around neck)
 A - a ring of ice (right claw)
 G - a ring of fire (left claw)
Talismans
 M - a flux talisman
Wands
 K - a wand of roots (7)
Scrolls
 e - 5 scrolls of teleportation
 g - a scroll of silence
 h - a scroll of amnesia
 l - a scroll of poison
 q - a scroll of enchant armour
 r - a scroll of enchant weapon
 w - a scroll of torment
 C - a scroll of blinking {unknown}
 I - 5 scrolls of identify
 N - a scroll of butterflies {unknown}
Potions
 c - 2 potions of might
 d - a potion of mutation
 i - 3 potions of curing
 j - 2 potions of haste
 m - a potion of lignification
 n - 2 potions of degeneration
 p - 2 potions of attraction
 s - a potion of cancellation
 t - 2 potions of ambrosia
 u - a potion of brilliance
 v - a potion of heal wounds
 z - a potion of magic


   Skills:
 + Level 7.0 Fighting
 - Level 2.5 Dodging
 - Level 2.7 Shields
 * Level 11.1 Unarmed Combat


You had 8 spell levels left.
You didn't know any spells.
Your spell library contained the following spells:

 Spells                   Type           Power      Damage    Failure   Level
 Foxfire                  Conj/Fire      0%         2x1d4     77%         1
 Lesser Beckoning         Tloc           0%         N/A       88%         2
 Gell's Gravitas          Tloc           0%         N/A       98%         3
 Teleport Other           Tloc           0%         N/A       98%         3
 Animate Dead             Necr           0%         N/A       100%        4
 Borgnjor's Vile Clutch   Necr/Erth      0%         N/A       100%        5
 Death Channel            Necr           0%         N/A       100%        6
 Plasma Beam              Fire/Air       0%         2x1d10    100%        6
 Starburst                Conj/Fire      0%         6d3       100%        6


Dungeon Overview and Level Annotations

Branches:
Dungeon (8/15)             Temple (1/1) D:7
   Lair: D:8-11

Altars:
Ashenzari
Cheibriados
Dithmenos
Elyvilon
Fedhas
Gozag
Hepliaklqana
Kikubaaqudgha
Makhleb
Nemelex Xobeh
Okawaru
Qazlal
Ru
Sif Muna
Trog
Uskayaw
Vehumet
Wu Jian
Xom
Yredelemnul
Zin
The Shining One

Shops:
D:1 =(   D:2 =:?=   D:3 =   D:6 *


Innate Abilities, Weirdness & Mutations

You are too large for most types of armour.
You have claws for hands.
Your natural rate of healing is unusually fast.
You are covered in fur. (AC +1)
You have tough skin. (AC +1)
You are dopey. (Int -2)
You are frail. (-10% HP)


Message History

You claw the large slime creature!
The large slime creature is severely wounded.
You block the large slime creature's attack.
Two slime creatures merge to form a very large slime creature.
There is a stone staircase leading up here.
Press: ? - help, v - describe, . - travel
Here: a slime creature (heavily wounded)
The floor.
Aiming: Fastroot
Press: ? - help, Shift-Dir - straight line, f - slime creature
Aim: a slime creature (heavily wounded)
The roots erupt in riotous growth!
The slime creature is unaffected.
You mangle the slime creature!!
The slime creature is severely wounded.
You scratch the slime creature but do no damage.
The slime creature is severely wounded.
The slime creature hits you!
* * * LOW HITPOINT WARNING * * *
You mangle the slime creature!!
You kill the slime creature!
Your Unarmed Combat skill increases to level 11!
You start resting.
A slime creature is nearby!
A slime creature is nearby!
You mangle the slime creature!!
The slime creature is severely wounded.
The slime creature hits you!
* * * LOW HITPOINT WARNING * * *
You mangle the slime creature!!
You kill the slime creature!
Your life force feels restored.
Your Fighting skill increases to level 7!
The slime creature misses you.
There is a stone staircase leading up here.
Two slime creatures merge to form a large slime creature.
The large slime creature attacks as it pursues you!
The large slime creature barely misses you.
The large slime creature attacks as it pursues you!
The large slime creature hits you!!!
You die...

.## #.. .. J#
###.##.# #.....(#
#.#.#### #.#.#
##########@#..
##.#.(....#J####
##..).####.#.#
.##..[<.####.#.#
#.......J##...<.#
######......#.###
###.####.#
#......# ########


You could see a large slime creature.

Vanquished Creatures
  Sigmund (D:4)
  2 slime creatures (D:8)
  2 steam dragons (D:7)
  A water moccasin (D:7)
  An ice beast (D:6)
  An orc warrior (D:6)
  3 sky beasts (D:7)
  3 ogres
  A phantom (D:6)
  2 bullfrogs (D:7)
  2 scorpions
  8 wights (D:7)
  A howler monkey (D:4)
  3 hounds
  A gnoll bouda (D:6)
  An orc priest (D:6)
  Crazy Yiuf (D:5)
  A sleepcap (D:6)
  4 iguanas
  6 orc wizards
  Robin (D:3)
  11 adders
  9 gnolls
  A white imp (D:5)
  3 dart slugs
  3 ribbon worms
  25 orcs
  6 endoplasms
  6 giant cockroaches
  15 goblins
  5 hobgoblins
  7 jackals
  4 quokkas
  5 ball pythons
  7 bats
  4 frilled lizards
  2 kobolds
  3 rats (D:1)
162 creatures vanquished.

Vanquished Creatures (collateral kills)
  An orc (D:7)
1 creature vanquished.

Grand Total: 163 creatures vanquished

Notes
Turn   | Place    | Note
-------+----------+-------------------------------------------
     0 | D:1      | Couri the Troll Fighter began the quest for the Orb.
     0 | D:1      | Reached XP level 1. HP: 22/22 MP: 0/0
    58 | D:1      | Found a faded altar of an unknown god.
   100 | D:1      | Found Afateps's Antique Weapon Boutique.
   117 | D:1      | Reached XP level 2. HP: 29/29 MP: 1/1
   139 | D:1      | Found Ifihaust's Jewellery Shop.
   427 | D:1      | Reached XP level 3. HP: 36/36 MP: 2/2
   561 | D:2      | Found Noliwkuo's Magic Scroll Shoppe.
   569 | D:2      | Bought a scroll of identify for 22 gold pieces
   572 | D:2      | Reached skill level 3 in Unarmed Combat
   669 | D:2      | Found Icitaet's Jewellery Boutique.
   820 | D:2      | Found Rugaumaun's Book Shop.
   851 | D:2      | Found Xunwec's Jewellery Shoppe.
  1284 | D:3      | Noticed an angel
  1285 | D:3      | Found a glowing silver altar of Zin.
  1286 | D:3      | Found a shimmering altar of Xom.
  1290 | D:3      | Reached XP level 4. HP: 44/45 MP: 3/3
  1529 | D:3      | Noticed Robin
  1547 | D:3      | Reached skill level 4 in Unarmed Combat
  1564 | D:3      | Killed Robin
  1679 | D:3      | Found Xeedit's Jewellery Boutique.
  1802 | D:3      | Reached XP level 5. HP: 53/53 MP: 4/4
  2079 | D:4      | Noticed Sigmund
  2092 | D:4      | Reached skill level 5 in Unarmed Combat
  2151 | D:4      | Killed Sigmund
  2152 | D:4      | Reached XP level 6. HP: 52/62 MP: 5/5
  2461 | D:4      | Reached skill level 6 in Unarmed Combat
  2505 | D:4      | Found an iron altar of Okawaru.
  2883 | D:5      | Entered Level 5 of the Dungeon
  2896 | D:4      | Reached XP level 7. HP: 59/70 MP: 6/6
  3370 | D:5      | Reached skill level 7 in Unarmed Combat
  3388 | D:5      | Found an ornate altar of the Wu Jian Council.
  3447 | D:5      | Found a runed translucent door.
  3448 | D:5      | Noticed Crazy Yiuf
  3853 | D:5      | Killed Crazy Yiuf
  3937 | D:5      | Identified the +1 ring mail "Gessomp" {rF+}
  4086 | D:5      | Gained mutation: You are frail. (-10% HP) [potion of
                  | mutation]
  4086 | D:5      | Gained mutation: You are dopey. (Int -2) [potion of
                  | mutation]
  4500 | D:6      | Found an opulent altar of Gozag.
  4501 | D:6      | Found Gozag's Platinum Reserve.
  4533 | D:6      | Reached skill level 5 in Fighting
  4606 | D:6      | Reached XP level 8. HP: 61/72 MP: 7/7
  4664 | D:6      | Identified the +1 leather armour "Nepnef" {rN+ SInv}
  4668 | D:6      | Reached skill level 8 in Unarmed Combat
  5310 | D:7      | Reached skill level 9 in Unarmed Combat
  5322 | D:7      | Found a staircase to the Ecumenical Temple.
  5363 | Temple   | Entered the Ecumenical Temple
  5384 | Temple   | Became a worshipper of Ru the Awakened
  5574 | D:7      | Reached XP level 9. HP: 59/80 MP: 8/8
  5628 | D:7      | Reached skill level 10 in Unarmed Combat
  5862 | D:7      | Found a broken altar of Ashenzari.
  6101 | D:8      | Reached skill level 11 in Unarmed Combat
  6119 | D:8      | Mangled by a large slime creature

Illustrated notes

Levels and vault maps discovered:
D:1:      lightli_iron_boxes, layout_rooms, serial_shops,
          nicolae_shop_gaudy_bauble, shop, hellmonk_ecumenical_altar_run_dry
D:2:      layout_loops_cross, serial_shops, nicolae_shop_statue_plus, shop,
          shop, shop, grunt_ministairs_4, hangedman_decor_points
D:3:      layout_loops_cross, grunt_temple_overflow_order_and_chaos_1,
          serial_shops, shop, grunt_ministairs_1, minmay_fountain_box,
          uniq_robin
D:4:      layout_basic, kennysheep_okawaru_gauntlet, minmay_misc_feat_five,
          uniq_sigmund
D:5:      layout_basic, nzn_wu_jian_contemplation, uniq_crazy_yiuf_cottage
D:6:      layout_loops_ring, nicolae_gozag_zags_fifth_avenue
D:7:      layout_rooms, evilmike_ruin_ashenzari, temple_doors_e,
          hangedman_misty_isle
D:8:      layout_loops_cross, due_lair_maze_entry_diamond, nrook_campfire,
          minmay_lizard_king, uniq_maurice
Temple:   nicolae_temple_bog_church

Skill      XL: |  1  2  3  4  5  6  7  8  9 |
---------------+----------------------------+-----
Unarmed Combat | 3 4 5 6 7 9 11 | 11.1
Fighting       | 3 4 5 6 7 |  7.0
Dodging        | |  2.5
Shields        | |  2.7

Action                     |  1- 3 |  4- 6 |  7- 9 || total
---------------------------+-------+-------+-------++-------
  Melee: Unarmed           |   105 |   155 |   201 ||   461
  Evoke: Wand              |       |       |     1 ||     1
    Use: Scroll            |       |       |    14 ||    14
         Potion            |       |       |     5 ||     5
 Armour: Robe              |    48 |    84 |   115 ||   247
  Dodge: Dodged            |    24 |    78 |    78 ||   180
  Block: Kite shield       |    42 |    69 |    44 ||   155
